 Dungeon Crawl Stone Soup version 0.30-a0-170-g85af917532 (webtiles) character file.

Game seed: 4739021618257408897

1817 NinjaNoafa the Merchant of Misery (level 9, -1/74 HPs)
             Began as a Ghoul Monk on Sept 30, 2022.
             Was a Believer of Kikubaaqudgha.
             Slain by a gnoll
             ... wielding a +1 flail of protection
             ... led by a gnoll sergeant
              (2 damage)
             ... on level 6 of the Dungeon.
             The game lasted 00:15:17 (6824 turns).

NinjaNoafa the Merchant of Misery (Ghoul Monk)      Turns: 6824, Time: 00:15:18

Health: -1/74      AC: 10    Str: 15    XL:     9   Next: 10%
Magic:  10/11      EV: 12    Int:  9    God:    Kikubaaqudgha [**....]
Gold:   213        SH:  0    Dex: 11    Spells: 11/12 levels left

rFire   + . .      SeeInvis +    z - +5 quarterstaff (chaos)
rCold   + . .      Faith    .    (shield currently unavailable)
rNeg    + + +      Spirit   .    a - +2 robe
rPois   ∞          Reflect  .    v - +2 helmet
rElec   .          Harm     .    t - +2 cloak
rCorr   .          Rampage  .    (no gloves)
Will    .....                    (no boots)
Stlth   ++........               (no amulet)
HPRegen 0.00/turn                k - ring of protection from fire
MPRegen 0.12/turn                h - ring of see invisible

@: inhibited regen
A: claws 1, cold resistance 1, negative energy resistance 3, inhibited
regeneration, torment resistance 2, devour on kill
a: Renounce Religion, Unearth Wretches


You were on level 6 of the Dungeon.
You worshipped Kikubaaqudgha.
Kikubaaqudgha was pleased with you.
You visited 1 branch of the dungeon, and saw 6 of its levels.

You collected 213 gold pieces.

Inventory:

Hand Weapons
 r - the +2 trident "Wogastanio" {vamp, Str+4}
   (You found it on level 5 of the Dungeon)

   It occasionally heals its wielder for a portion of the damage dealt when it
   wounds a living foe.
   Str:       It affects your strength (+4).
 z - a +5 quarterstaff of chaos (weapon)
Missiles
 d - 2 silver boomerangs
 f - 20 poisoned darts
 j - 52 stones
 m - 5 boomerangs
 p - 6 javelins
Armour
 a - a +2 robe (worn)
 t - a +2 cloak (worn)
 v - a +2 helmet (worn)
Jewellery
 h - a ring of see invisible (right claw)
 k - a ring of protection from fire (left claw)
 x - a ring of flight
Wands
 l - a wand of flame (16)
Scrolls
 e - a scroll of amnesia
 g - a scroll of teleportation {unknown}
 n - a scroll of enchant armour
 o - a scroll of poison
 u - 3 scrolls of butterflies
Potions
 c - a potion of cancellation


   Skills:
 - Level 5.0 Fighting
 - Level 2.2(3.0) Polearms
 - Level 3.0(3.3) Staves
 - Level 3.0 Armour
 - Level 3.0 Dodging
 - Level 3.0 Stealth
 - Level 5.0 Unarmed Combat
 - Level 2.0 Spellcasting
 * Level 1.7 Conjurations
 + Level 7.3 Necromancy


You had 11 spell levels left.
You knew the following spells:

 Your Spells              Type           Power      Damage    Failure   Level
a - Necrotise             Necr           56%        1d6       1%          1

Your spell library contained the following spells:

 Spells                   Type           Power      Damage    Failure   Level
 Kiss of Death            Conj/Necr      36%        2d8       5%          1
 Animate Dead             Necr           14%        N/A       16%         4
 Anguish                  Hex/Necr       3%         N/A       58%         4
 Airstrike                Air            0%         2d(0-16)  97%         4
 Leda's Liquefaction      Hex/Erth       0%         N/A       97%         4
 Summon Lightning Spire   Summ/Air       0%         N/A       97%         4
 Lee's Rapid Deconstruct  Erth           0%         3d5*      100%        5
 Lightning Bolt           Conj/Air       1%         1d12      100%        5
 Statue Form              Tmut/Erth      Unusable   N/A       N/A         6
 Borgnjor's Revivificati  Necr           Unusable   N/A       N/A         8
 Necromutation            Tmut/Necr      Unusable   N/A       N/A         8
 Death's Door             Necr           Unusable   N/A       N/A         9

Dungeon Overview and Level Annotations

Branches:
Dungeon (6/15)
 Temple: D:4-7

Altars:
Dithmenos
Kikubaaqudgha


Innate Abilities, Weirdness & Mutations

You are immune to poison.
You have sharp fingernails.
Your flesh is cold resistant. (rC+)
You are immune to negative energy. (rN+++)
You do not regenerate when monsters are visible.
You are immune to unholy pain and torment.
You thrive by killing the living.


Message History

The gnoll hits you with a +1 flail of protection.
The gnoll completely misses you. The ice beast closely misses you.
You hit the ice beast.
The ice beast is heavily wounded.
The ice beast hits you. The ice beast freezes you! You resist.
The gnoll hits you but does no damage.
You sock the ice beast!
You melt the ice beast.
The ice beast is almost dead.
The ice beast hits you but does no damage.
The gnoll hits you with a +1 flail of protection!
* * * LOW HITPOINT WARNING * * *
You hit the ice beast but do no damage.
The ice beast is almost dead.
The ice beast hits you but does no damage.
The gnoll completely misses you.
You sock the ice beast!
You kill the ice beast!
Kikubaaqudgha accepts your kill. The gnoll hits you but does no damage.
You barely miss the gnoll.
The gnoll is lightly wounded.
The gnoll hits you with a +1 flail of protection.
* * * LOW HITPOINT WARNING * * *
You hit the gnoll but do no damage.
The gnoll is lightly wounded.
The gnoll closely misses you. The gnoll hits you but does no damage.
Casting: Necrotise (safe; 1% risk of failure)
Confirm with . or Enter, or press ? or * to list all spells.
Aiming: Necrotise (safe; 1% risk of failure)
Press: ? - help, Shift-Dir - straight line, f - gnoll
Aim: a gnoll, wielding a +1 flail of protection (lightly wounded, chance to affect: 78%)
The gnoll writhes in agony.
The gnoll hits you with a +1 flail of protection!
* * * LOW HITPOINT WARNING * * *
Okay, then.
Okay, then.
The gnoll attacks as you move away!
The gnoll hits you with a +1 flail of protection.
You die...
Kikubaaqudgha rasps: "You have failed me!
Welcome... oblivion!"

#........#.........####
####.#.....##.....#####,,,
******#....#....##..#####⌠,,,,,,
**,,,,*.............###.,*,,,,,,,
*,,,,,,..)......[..##...,*,,,,,**
*,,,,,,.........##.#....,**,,***,
,,,,,,,.o.####.)#.......,,*,,,,,,
,,,,,,,##..##.....).....,,*,,,,,,
******##....##.)@.#......,***,,,,
~~~~~*#.....##.g).##.....,,,****,
,,,,,,#.........#..##....,,,,,,**
,,,,_,#...##...#)...###..,,,,,,,,
,,,,,,#........##..##****,,,,,,,,
~~~~~*#.......###..#*,,,******,,,
******#.#.......#.####,*,,,,,****
*.##.............,**,,,,,,,,
*#.......).....##,,,,,,,,,,,


You could see a gnoll.

Vanquished Creatures
  Grinder (D:3)
  A wyvern (D:5)
  A water moccasin (D:6)
  An ice beast (D:6)
  A black bear (D:4)
  2 ogres (D:5)
  2 kobold brigands
  A gnoll sergeant (D:6)
  3 scorpions
  A necrophage (D:3)
  2 jellies (D:5)
  3 hounds (D:5)
  An orc priest (D:5)
  Crazy Yiuf (D:4)
  Jessica (D:3)
  An iguana (D:5)
  2 orc wizards (D:5)
  3 gnolls (D:6)
  7 adders
  2 white imps
  An ufetubus (D:5)
  3 worms
  4 dart slugs
  3 orcs (D:5)
  5 endoplasms
  3 giant cockroaches
  3 goblins
  10 hobgoblins
  2 jackals (D:2)
  19 kobolds
  4 quokkas
  11 ball pythons
  8 bats
  A frilled lizard (D:1)
  5 rats
119 creatures vanquished.

Vanquished Creatures (collateral kills)
  An orc (D:5)
  A hobgoblin (D:2)
  2 jackals (D:2)
  A ball python (D:2)
5 creatures vanquished.

Vanquished Creatures (others)
  An orc (D:4)
  A kobold (D:4)
  A plant (D:3)
3 creatures vanquished.

Grand Total: 127 creatures vanquished

Notes
Turn   | Place    | Note
-------+----------+-------------------------------------------
     0 | D:1      | NinjaNoafa the Ghoul Monk began the quest for the Orb.
     0 | D:1      | Reached XP level 1. HP: 19/19 MP: 0/0
   421 | D:1      | Reached XP level 2. HP: 22/26 MP: 1/1
  1048 | D:2      | Reached XP level 3. HP: 16/31 MP: 2/2
  1274 | D:2      | Reached skill level 5 in Unarmed Combat
  1327 | D:2      | Reached XP level 4. HP: 17/40 MP: 3/3
  2243 | D:3      | Noticed Jessica
  2254 | D:3      | Killed Jessica
  2295 | D:3      | Reached XP level 5. HP: 47/47 MP: 4/4
  2338 | D:3      | Found a shadowy altar of Dithmenos.
  2434 | D:3      | Reached skill level 5 in Fighting
  2613 | D:3      | Noticed Grinder
  2623 | D:3      | Paralysed by Grinder for 4 turns
  2634 | D:3      | Killed Grinder
  2635 | D:3      | Reached skill level 3 in Necromancy
  2635 | D:3      | Reached skill level 1 in Armour
  2635 | D:3      | Reached XP level 6. HP: 27/56 MP: 5/5
  3155 | D:4      | Reached XP level 7. HP: 46/61 MP: 6/6
  3395 | D:4      | Found an ancient bone altar of Kikubaaqudgha.
  3405 | D:4      | Became a worshipper of Kikubaaqudgha
  3405 | D:4      | Reached * piety under Kikubaaqudgha
  3405 | D:4      | Received a gift from Kikubaaqudgha
  3405 | D:4      | Reached ** piety under Kikubaaqudgha
  3415 | D:4      | Learned a level 1 spell: Necrotise
  3742 | D:4      | Found a runed translucent door.
  3743 | D:4      | Noticed Crazy Yiuf
  3768 | D:4      | Killed Crazy Yiuf
  4142 | D:5      | Entered Level 5 of the Dungeon
  4206 | D:5      | Reached skill level 4 in Necromancy
  4267 | D:5      | Reached skill level 1 in Spellcasting
  4279 | D:5      | Reached skill level 5 in Necromancy
  4438 | D:5      | Reached skill level 1 in Staves
  4570 | D:5      | Reached XP level 8. HP: 27/68 MP: 0/8
  5047 | D:5      | Identified the +2 trident "Wogastanio" {vamp, Str+4}
  5220 | D:5      | Noticed a wyvern
  5229 | D:5      | Killed a wyvern
  5365 | D:5      | Reached skill level 6 in Necromancy
  6237 | D:5      | Reached skill level 7 in Necromancy
  6297 | D:6      | Reached skill level 1 in Polearms
  6673 | D:6      | Reached XP level 9. HP: 56/74 MP: 3/11
  6815 | D:6      | Reached skill level 1 in Conjurations
  6823 | D:6      | HP: 1/74 [gnoll/+1 flail of protection[a gnoll sergeant]
                  | (7)]
  6824 | D:6      | Slain by a gnoll

Illustrated notes

Levels and vault maps discovered:
D:1:      dpeg_arrival_houses_and_road, layout_basic, minmay_cupped
D:2:      layout_rooms, minmay_hexomino_p4
D:3:      layout_loops_ring, mainiacjoe_overflow_boulevard,
          minmay_strange_pillars, st_stairs_10, uniq_grinder, uniq_jessica
D:4:      layout_loops_ring, kiku_gazebo_pond_becter, uniq_crazy_yiuf_cottage
D:5:      layout_basic
D:6:      kennysheep_spiral_hall, layout_cave_pools,
          nicolae_hepliaklqana_monster_ancestors, minmay_ruffians

Skill      XL: |  1  2  3  4  5  6  7  8  9 |
---------------+----------------------------+-----
Unarmed Combat | 4 5 |  5.0
Fighting       | 4 5 |  5.0
Necromancy     | 3 5 7 |  7.3
Armour         | 1 2 3 |  3.0
Dodging        | 3 |  3.0
Stealth        | 3 |  3.0
Spellcasting   | 1 2 |  2.0
Staves         | 1 3 |  3.0
Polearms       | 2 |  2.2
Conjurations   | 1 |  1.7

Action                   |  1- 3 |  4- 6 |  7- 9 || total
-------------------------+-------+-------+-------++-------
Melee: Unarmed           |    85 |   140 |    25 ||   250
       Short sword       |     5 |       |       ||     5
       Punch             |     1 |     6 |       ||     7
       Quarterstaff      |       |       |    95 ||    95
       Trident           |       |       |    23 ||    23
Throw: Stone             |     5 |       |       ||     5
       Javelin           |    13 |       |     2 ||    15
 Cast: Necrotise         |       |       |    91 ||    91
Invok: Unearth Wretches  |       |       |     1 ||     1
Evoke: Wand              |       |       |     5 ||     5
  Use: Scroll            |       |     7 |    10 ||    17
       Potion            |       |     3 |    11 ||    14
 Stab: Sleeping          |     1 |     3 |     3 ||     7
Armor: Robe              |    24 |    44 |   165 ||   233
Dodge: Dodged            |    90 |   109 |   243 ||   442

Table legend: (Time is in decaauts)
 A = Elapsed time spent in this place.
 B = Non-inter-level travel time spent in this place.
 C = Inter-level travel time spent in this place.
 D = Time resting spent in this place.
 E = Time spent auto-exploring this place.
 F = Levels seen in this place.
 G = Mean time per level.
                   A        B        C        D        E       F      G
               +--------+--------+--------+--------+--------+-----+--------+
         Total |   6817 |   6514 |    303 |      0 |   5224 |   6 | 1136.2 |
       Dungeon |   6817 |   6514 |    303 |      0 |   5224 |   6 | 1136.2 |
               +--------+--------+--------+--------+--------+-----+--------+

Top non-repeatable levels by time:
     D:5: 2238 daAuts
     D:2: 1121 daAuts
     D:4: 1106 daAuts
     D:1: 1034 daAuts
     D:3: 924 daAuts
     D:6: 391 daAuts
